 Dungeon Crawl Stone Soup version 0.30-a0-121-gb27577e5d9 (webtiles) character file.

Game seed: 15838222732651623866

38124 melkoren the Severer (level 13, 0/122 HPs)
             Began as a Minotaur Berserker on Sept 15, 2022.
             Was a High Priest of Trog.
             Slain by a cane toad (18 damage)
             ... on level 5 of the Lair of Beasts.
             The game lasted 00:42:27 (19008 turns).

melkoren the Severer (Minotaur Berserker)          Turns: 19008, Time: 00:42:28

Health: 0/122      AC: 17    Str: 22    XL:     13   Next: 62%
Magic:  4/4        EV: 20    Int:  4    God:    Trog [*****.]
Gold:   699        SH:  0    Dex: 21    Spells: 12/12 levels left

rFire   . . .      SeeInvis .    U - +3 executioner's axe (antimagic) {rare}
rCold   . . .      Faith    .    (shield currently unavailable)
rNeg    . . .      Spirit   .    s - +0 chain mail
rPois   .          Reflect  .    (helmet restricted)
rElec   .          Harm     .    (no cloak)
rCorr   .          Rampage  .    o - +1 pair of gloves
Will    .....                    j - +1 pair of boots
Stlth   ..........               A - amulet of the acrobat
HPRegen 0.30/turn                E - +4 ring of evasion
MPRegen 0.09/turn                D - +6 ring of dexterity

@: about to teleport, very slow
A: horns 2, retaliatory headbutt
a: Renounce Religion, Berserk, Trog's Hand, Brothers in Arms


You were on level 5 of the Lair of Beasts.
You worshipped Trog.
Trog was extremely pleased with you.
You visited 2 branches of the dungeon, and saw 14 of its levels.
You also visited: Ossuary.

You collected 796 gold pieces.
You spent 97 gold pieces at shops.


Innate Abilities, Weirdness & Mutations

You have a pair of horns on your head.
You reflexively headbutt those who attack you in melee.


   Skills:
 + Level 13.2 Fighting
 * Level 18.0 Axes
 + Level 13.0 Armour
 + Level 12.0 Dodging


You had 12 spell levels left.
You didn't know any spells.
Your spell library contained the following spells:

 Spells                   Type           Power      Damage    Failure   Level
 Beastly Appendage        Tmut           0%         N/A       96%         1
 Slow                     Hex            0%         N/A       96%         1
 Wereblood                Tmut           0%         N/A       99%         2
 Inner Flame              Hex/Fire       0%         N/A       100%        3
 Spider Form              Tmut/Pois      0%         N/A       100%        3
 Cause Fear               Hex            0%         N/A       100%        4
 Summon Forest            Summ/Tloc      0%         N/A       100%        5
 Summon Mana Viper        Hex/Summ       0%         N/A       100%        5
 Summon Cactus Giant      Summ           0%         N/A       100%        6
 Discord                  Hex            0%         N/A       100%        8

Inventory:

Hand Weapons
 a - a +0 vorpal hand axe
 b - a +4 scimitar of flaming
   (You took it off Erica on level 9 of the Dungeon)
 y - a +2 hand axe of flaming
   (You found it on level 7 of the Dungeon)
 I - a +2 battleaxe of venom
   (Trog gifted it to you in an ossuary)
 U - a +3 antimagic executioner's axe (weapon) {rare}
   (Trog gifted it to you on level 5 of the Lair of Beasts)
Missiles
 k - a throwing net {=f!f}
 l - 94 stones (quivered)
 u - a curare-tipped dart {=f}
 w - 29 poisoned darts
Armour
 j - a +1 pair of boots (worn)
   (You found it on level 1 of the Dungeon)
 o - a +1 pair of gloves (worn)
   (You found it on level 3 of the Dungeon)
 r - a +0 robe
   (You found it on level 3 of the Lair of Beasts)
 s - a +0 chain mail (worn)
   (You took it off an orc on level 4 of the Dungeon)
 G - a +0 ring mail
   (You found it on level 3 of the Lair of Beasts)
 H - a +1 robe of willpower
   (You took it off Josephine on level 4 of the Lair of Beasts)
Jewellery
 c - a ring of protection from cold
   (You found it on level 9 of the Dungeon)
 d - a +6 ring of dexterity
   (You found it on level 1 of the Lair of Beasts)
 e - a +4 ring of evasion
   (You found it on level 3 of the Lair of Beasts)
 A - an amulet of the acrobat (around neck)
   (You found it on level 5 of the Dungeon)
 C - a ring of protection from cold
   (You found it on level 8 of the Dungeon)
 D - a +6 ring of dexterity (right hand)
   (You took it off a kobold on level 9 of the Dungeon)
 E - a +4 ring of evasion (left hand)
   (You found it on level 4 of the Dungeon)
 L - a ring of flight
   (You found it on level 2 of the Lair of Beasts)
 T - an amulet of faith {!P}
   (You took it off a gnoll on level 5 of the Dungeon)
Wands
 m - a wand of flame (23)
   (You took it off Robin on level 3 of the Dungeon)
 n - a wand of iceblast (3)
   (You found it on level 1 of the Lair of Beasts)
 F - a wand of paralysis (29)
   (You found it on level 8 of the Dungeon)
Scrolls
 f - 4 scrolls of enchant weapon
 g - a scroll of blinking {!r}
 h - 9 scrolls of identify {@r1}
 t - 2 scrolls of vulnerability {!r!r}
 x - 3 scrolls of magic mapping {!r}
 B - 7 scrolls of enchant armour
 J - 5 scrolls of immolation {!r!r}
 K - a scroll of teleportation {@r4}
 P - a scroll of silence {!r}
 R - 3 scrolls of fog
 S - a scroll of summoning
Potions
 i - 3 potions of magic
 p - a potion of might
 q - 5 potions of curing {@q1}
 v - 4 potions of ambrosia
 z - 4 potions of flight
 M - 4 potions of haste {@q3}
 N - a potion of resistance
 O - 2 potions of invisibility
 Q - 2 potions of cancellation
 X - 3 potions of brilliance

Dungeon Overview and Level Annotations

Branches:
Dungeon (9/15) Zot: 25101  Temple (0/1) D:5            Lair (5/5) D:9 Zot: 22670
 Shoals (0/4) Lair:2       Spider (0/4) Lair:2        Slime (0/5) Lair:4
Ossuary (visited)
    Orc: D:9-12

Altars:
Sif Muna
Trog

Shops:
D:3 ?   D:6 ( D:7

*
~P≈~~~~.~~~?:))
~~~~≈~~~.~~~$[}
~~~≈≈≈~≈~.~~~~~
≈≈≈≈≈≈~~~~.~~~#
~≈≈≈≈~~~~~~~≈
~~≈≈≈P~≈~≈~
~~≈≈P~FwF###
~~~~~~F@†~~#
.~~~~~FF~~~~#
..~.~~~~≈~~~#
~.~.~~~~~~~~≈≈~
###~.(...P~~~~~~
#####.~~~.~..~
####..P..P
......


You could see a tyrant leech, 2 cane toads, 2 blink frogs and a bullfrog.


Message History

an elephant corpse; a bullfrog corpse The bullfrog gives a loud, deep croak!
You hit the elephant but do no damage. You slash the blink frog!
The blink frog's magic leaks into the air.
The blink frog hits you.
* * * LOW HITPOINT WARNING * * *
The blink frog hits you but does no damage.
The elephant tramples you!
* * * LOW HITPOINT WARNING * * *
You stumble backwards! 😨 HP[-15]
You take 15 damage, and now have 48/122 hp.
You hit the elephant. You miss the blink frog.
The blink frog barely misses you. The elephant completely misses you.
The elephant trunk-slaps you but does no damage.
You slice the elephant!!
You headbutt the elephant, but do no damage.
You hit the blink frog.
The blink frog's magic leaks into the air.
The blink frog closely misses you. The elephant misses you.
You furiously retaliate!
You headbutt the elephant, but do no damage.
The elephant trunk-slaps you.
* * * LOW HITPOINT WARNING * * *
The blink frog hits you but does no damage. 😨 HP[-2]
You take 2 damage, and now have 46/122 hp.
As you read the scroll of teleportation {@r4}, it crumbles to dust.
You feel strangely unstable.
The blink frog hits you but does no damage.
The elephant tramples you!
* * * LOW HITPOINT WARNING * * *
You stumble backwards! 😨 HP[-9]
You take 9 damage, and now have 37/122 hp.
You hit the elephant.
You headbutt the elephant, but do no damage.
You slice the blink frog!!
You kill the blink frog!
Trog accepts your kill. The elephant barely misses you.
You furiously retaliate!
You headbutt the elephant, but do no damage.
The elephant misses you.
Your Axes skill increases to level 18!
Your Dodging skill increases to level 12!
You hit the elephant but do no damage. You hit the cane toad but do no damage.
You barely miss the elephant. You slice the bullfrog!!
You kill the bullfrog!
Trog accepts your kill. The elephant tramples you.
* * * LOW HITPOINT WARNING * * *
You stumble backwards! 😨 HP[-3]
You take 3 damage, and now have 34/122 hp.
You slice the cane toad!!
You headbutt the cane toad, but do no damage.
You slash the elephant!
Your surroundings suddenly seem different.
Splash!
You fall into the shallow water.
Moving in this stuff is going to be slow.
A blink frog, a tyrant leech, an electric eel and 2 cane toads come into view.
The blink frog gives a loud, deep croak!
The cane toad croaks.
The electric eel shoots out a bolt of lightning at you!
The bolt of electricity hits you!
* * * LOW HITPOINT WARNING * * *
A bullfrog comes into view.
A blink frog comes into view.
The blink frog hits you!
* * * LOW HITPOINT WARNING * * *
The cane toad misses you. 😱 HP[-17]
You take 17 damage, and now have 17/122 hp.
Okay, then.
As you read the scroll of teleportation {@r4}, it crumbles to dust.
You feel strangely unstable.
The blink frog gives a loud, deep croak!
The blink frog misses you. You furiously retaliate!
You headbutt the blink frog, but do no damage.
The cane toad closely misses you. You furiously retaliate!
You headbutt the cane toad.
The cane toad stings you but does no damage.
The blink frog completely misses you.
You closely miss the blink frog. Your headbutt misses the blink frog.
You slash the cane toad! You barely miss the electric eel.
You closely miss the bullfrog. You slash the cane toad!
The bullfrog barely misses you. The cane toad closely misses you.
The cane toad stings you but does no damage.
The blink frog completely misses you.
The bullfrog hits you but does no damage. 😱 HP[+1]
You miss the blink frog. Your headbutt misses the blink frog.
You barely miss the bullfrog. You hit the cane toad but do no damage.
You hit the tyrant leech. You slash the cane toad! You slice the electric eel!!
You kill the electric eel!
Trog accepts your kill.
You hear a splash.
The cane toad barely misses you. The blink frog barely misses you.
The cane toad stings you!!
You die...

Skill      XL: |  1  2  3  4  5  6  7  8  9 10 11 12 13 |
---------------+----------------------------------------+-----
Axes           | 4 5 6 7 9 11 13 15 16 18 | 18.0
Fighting       | 4 5 6 7 8 9 11 12 13 | 13.2
Armour         | 3 4 5 6 8 9 10 12 13 | 13.0
Dodging        | 3 4 5 6 7 8 10 11 12 | 12.0

Action                   |  1- 3 |  4- 6 |  7- 9 | 10-12 | 13-15 || total
-------------------------+-------+-------+-------+-------+-------++-------
Melee: Hand axe          |    75 |   119 |   308 |       |    17 ||   519
       Headbutt          |     7 |    15 |    60 |    80 |    44 ||   206
       Punch             |       |     1 |     2 |       |     1 ||     4
       Battleaxe         |       |       |    45 |   351 |    98 ||   494
       Executioner's axe |       |       |       |       |    61 ||    61
Invok: Berserk           |       |     2 |     3 |     1 |       ||     6
Evoke: Wand              |       |       |       |     1 |       ||     1
  Use: Scroll            |     2 |     8 |     4 |     4 |     2 ||    20
       Potion            |     2 |     4 |     5 |     7 |     1 ||    19
Armor: Animal skin       |     7 |       |       |       |       ||     7
       Scale mail        |    25 |    58 |     1 |       |       ||    84
       Chain mail        |       |       |   135 |   116 |    74 ||   325
Dodge: Dodged            |    34 |    78 |   229 |   359 |   201 ||   901

Levels and vault maps discovered:
D:1:      amcnicky_arrival_choice, layout_loops_ring
D:2:      layout_basic, nicolae_ecumenical_snake_handling
D:3:      layout_basic, serial_shops, nicolae_shop_hallway_stairs,
          hangedman_decor_clover_reticule, amcnicky_mini_rare_corridor_liquid,
          grunt_decor_resistance, hex_medium, uniq_robin
D:4:      layout_cave_pools, uniq_menkaure
D:5:      layout_rooms, temple_green, uniq_edmund
D:6:      layout_loops_ring, serial_shops, nicolae_shop_statue_plus,
          portal_sewer_entry_e
D:7:      layout_loops_cross, serial_shops, shop_statue, uniq_prince_ribbit1
D:8:      layout_layer_cave, nzn_overflow_gifts_of_might_and_magic,
          chequers_ossuary_entry_cave
D:9:      layout_roguey, erik_lair_dragon, billiards_dpeg, uniq_erica
Lair:1:   layout_regular_city
Lair:2:   layout_concentric_octagons, elwin_shoals_entry_rooms,
          dummy_spider_entry, grunt_megastairs_3
Lair:3:   layout_long_grid, st_stairs_5
Lair:4:   layout_gridlike, slime_entry_1, basic_altar, serial_bayou_lake_a,
          grunt_megastairs_4, uniq_josephine
Lair:5:   minmay_lair_end_frog_pond, layout_gridlike, lemuel_oklob_altar

Notes
Turn   | Place    | Note
-------+----------+-------------------------------------------
     0 | D:1      | melkoren the Minotaur Berserker began the quest for the
                  | Orb.
     0 | D:1      | Reached XP level 1. HP: 19/19 MP: 0/0
     0 | D:1      | magus.rc [v1.11.3]
   403 | D:1      | Reached XP level 2. HP: 24/27 MP: 1/1
   576 | D:1      | Reached skill level 4 in Axes
  1425 | D:2      | Reached skill level 4 in Fighting
  1425 | D:2      | Reached skill level 3 in Armour
  1425 | D:2      | Reached XP level 3. HP: 33/33 MP: 2/2
  1514 | D:2      | Reached ** piety under Trog
  1798 | D:2      | Reached XP level 4. HP: 40/40 MP: 3/3
  2053 | D:2      | Found a faded altar of an unknown god.
  2061 | D:2      | Reached skill level 3 in Dodging
  2398 | D:3      | Found Nibrum's Magic Scroll Shoppe.
  2462 | D:3      | Reached skill level 5 in Axes
  2469 | D:3      | Noticed Robin
  2478 | D:3      | Killed Robin
  2908 | D:3      | You pick up a book of the Wilderness {forbidden} and begin
                  | reading...
  2908 | D:3      | You add the spells Summon Forest, Summon Mana Viper and
                  | Summon Cactus Giant to your library.
  2948 | D:3      | Bought a scroll of enchant weapon for 97 gold pieces
  3017 | D:3      | Reached XP level 5. HP: 45/47 MP: 4/4
  3517 | D:4      | Reached *** piety under Trog
  3570 | D:4      | Noticed Menkaure
  3575 | D:4      | Killed Menkaure
  3576 | D:4      | Reached skill level 5 in Fighting
  3576 | D:4      | Reached skill level 6 in Axes
  3576 | D:4      | Reached skill level 4 in Armour
  3576 | D:4      | Reached XP level 6. HP: 56/56 MP: 5/5
  3797 | D:4      | Identified the +0 helmet "Osmerir" {Drain +Blink rPois
                  | Str-3}
  4255 | D:5      | Entered Level 5 of the Dungeon
  4324 | D:5      | Noticed Edmund
  4333 | D:5      | Killed Edmund
  4334 | D:5      | Reached skill level 4 in Dodging
  4334 | D:5      | Reached XP level 7. HP: 61/61 MP: 6/6
  4560 | D:5      | Reached skill level 7 in Axes
  4577 | D:5      | Reached skill level 5 in Armour
  4608 | D:5      | Reached skill level 6 in Fighting
  4898 | D:5      | Found a staircase to the Ecumenical Temple.
  5192 | D:6      | Reached skill level 5 in Dodging
  5192 | D:6      | Reached XP level 8. HP: 68/70 MP: 7/7
  5194 | D:6      | Reached skill level 8 in Axes
  5410 | D:6      | Found Zaic's Weapon Boutique.
  5561 | D:6      | HP: 22/106 [orc warrior/+0 war axe (15)]
  5562 | D:6      | HP: 9/106 [orc/+0 trident (3)]
  6145 | D:6      | Reached skill level 6 in Armour
  6513 | D:6      | Reached skill level 9 in Axes
  6944 | D:7      | Reached skill level 7 in Fighting
  6958 | D:7      | Reached skill level 6 in Dodging
  6961 | D:7      | Reached **** piety under Trog
  6965 | D:7      | Reached XP level 9. HP: 32/79 MP: 8/8
  7412 | D:7      | Reached skill level 10 in Axes
  7481 | D:7      | Noticed Prince Ribbit
  7489 | D:7      | Killed Prince Ribbit
  7490 | D:7      | Reached skill level 7 in Armour
  7590 | D:7      | Found Ruobrut's General Store.
  8360 | D:8      | Found a sand-covered staircase.
  8421 | Ossuary  | Entered an ossuary
  8706 | Ossuary  | Reached ***** piety under Trog
  8727 | Ossuary  | Received a gift from Trog
  8857 | D:8      | Reached skill level 8 in Fighting
  9267 | D:8      | Reached skill level 7 in Dodging
  9331 | D:8      | Noticed a troll
  9332 | D:8      | Found a bloodstained altar of Trog.
  9338 | D:8      | Killed a troll
  9339 | D:8      | Reached skill level 11 in Axes
  9371 | D:8      | Found a shimmering blue altar of Sif Muna.
  9375 | D:8      | You add the spells Slow and Inner Flame to your library.
  9375 | D:8      | Got Sif Muna's Book of Beguiling {forbidden}
  9846 | D:9      | Reached skill level 8 in Armour
  9942 | D:9      | Reached XP level 10. HP: 89/90 MP: 9/9
 10127 | D:9      | Reached skill level 12 in Axes
 10210 | D:9      | Reached skill level 9 in Fighting
 10443 | D:9      | Reached skill level 8 in Dodging
 10526 | D:9      | Reached skill level 9 in Armour
 10568 | D:9      | Found a staircase to the Lair.
 10578 | D:9      | Reached skill level 13 in Axes
 11005 | D:9      | Noticed Erica
 11011 | D:9      | Killed Erica
 11012 | D:9      | Reached XP level 11. HP: 99/99 MP: 10/10
 11714 | Lair:1   | Entered Level 1 of the Lair of Beasts
 11752 | Lair:1   | Reached skill level 10 in Fighting
 11942 | Lair:1   | Reached skill level 9 in Dodging
 11956 | Lair:1   | You pick up a book of Hexes {forbidden} and begin
                  | reading...
 11956 | Lair:1   | You add the spells Cause Fear and Discord to your library.
 12243 | Lair:1   | Reached skill level 10 in Armour
 12251 | Lair:1   | Reached skill level 14 in Axes
 12716 | Lair:2   | Found a hole to the Spider Nest.
 12785 | Lair:2   | You pick up a book of the Wilderness {forbidden} and begin
                  | reading...
 13644 | Lair:2   | Reached skill level 11 in Fighting
 13710 | Lair:2   | Found a staircase to the Shoals.
 14079 | Lair:2   | HP: 22/102 [poisoned by a black mamba]
 14402 | Lair:2   | Reached skill level 15 in Axes
 14550 | Lair:3   | Reached skill level 10 in Dodging
 14550 | Lair:3   | Reached XP level 12. HP: 99/110 MP: 11/11
 14649 | Lair:3   | Reached skill level 11 in Armour
 14754 | Lair:3   | Received a gift from Trog
 15680 | Lair:3   | Noticed a death yak
 15680 | Lair:3   | Noticed a death yak
 15692 | Lair:3   | Noticed a death yak
 15692 | Lair:3   | Noticed a death yak
 15693 | Lair:3   | Noticed a death yak
 15703 | Lair:3   | Killed a death yak
 15710 | Lair:3   | Killed a death yak
 15718 | Lair:3   | Killed a death yak
 15721 | Lair:3   | Killed a death yak
 15727 | Lair:3   | HP: 27/112 [cane toad (7)]
 15731 | Lair:3   | Reached skill level 16 in Axes
 16365 | Lair:4   | Noticed a death yak
 16367 | Lair:4   | Noticed a death yak
 16374 | Lair:3   | Killed a death yak
 16375 | Lair:3   | Reached skill level 12 in Fighting
 16487 | Lair:3   | HP: 25/112 [death yak[a torpor snail] (21)]
 16489 | Lair:3   | HP: 12/112 [death yak[a torpor snail] (13)]
 16490 | Lair:3   | Killed a death yak
 17038 | Lair:4   | Reached skill level 12 in Armour
 17038 | Lair:4   | Reached skill level 11 in Dodging
 17208 | Lair:4   | Reached XP level 13. HP: 85/119 MP: 12/12
 17570 | Lair:4   | Found a shimmering blue altar of Sif Muna.
 17647 | Lair:4   | You pick up a book of Changes {forbidden} and begin
                  | reading...
 17647 | Lair:4   | You add the spells Beastly Appendage, Wereblood and Spider
                  | Form to your library.
 17728 | Lair:4   | Reached skill level 17 in Axes
 17951 | Lair:4   | Noticed Josephine
 17963 | Lair:4   | Killed Josephine
 18143 | Lair:4   | Found a staircase to the Slime Pits.
 18423 | Lair:5   | Entered Level 5 of the Lair of Beasts
 18690 | Lair:5   | Received a gift from Trog
 18695 | Lair:5   | a +3 antimagic executioner's axe {rare}; a wolf corpse; a
                  | wolf corpse
 18695 | Lair:5   | U - a +3 antimagic executioner's axe {rare}
 18696 | Lair:5   | U - a +3 antimagic executioner's axe (weapon) {rare}
 18730 | Lair:5   | Reached skill level 13 in Fighting
 18766 | Lair:5   | U - a +3 antimagic executioner's axe (weapon) {rare}
 18990 | Lair:5   | Reached skill level 13 in Armour
 19003 | Lair:5   | Reached skill level 18 in Axes
 19003 | Lair:5   | Reached skill level 12 in Dodging
 19004 | Lair:5   | HP: 27/122 [electric eel/bolt of electricity (7)]
 19008 | Lair:5   | Slain by a cane toad

Vanquished Creatures
  Josephine (Lair:4)
  A hydra (Lair:5)
  Erica (D:9)
  6 death yaks (Lair:3)
  A goliath frog (Lair:5)
  4 black mambas
  10 elephants
  15 cane toads
  2 torpor snails
  2 rime drakes
  9 komodo dragons
  Prince Ribbit (D:7)
  A troll (D:8)
  29 blink frogs
  A polar bear (Lair:4)
  A shadow (D:9)
  4 wraiths (Lair:4)
  25 yaks
  A ynoxinul (D:8)
  7 wyverns
  5 basilisks
  3 steam dragons
  3 vampire mosquitoes (Lair:5)
  Edmund (D:5)
  Menkaure (D:4)
  11 water moccasins
  2 sky beasts
  A black bear (D:5)
  An orc warrior (D:6)
  An ice beast (D:7)
  2 centaurs
  29 wolves
  3 kobold brigands
  A necrophage (D:6)
  A gnoll sergeant (D:5)
  14 bullfrogs
  2 scorpions (D:5)
  7 killer bees
  5 electric eels
  6 hounds
  4 jellies
  3 orc priests
  3 iguanas
  5 orc wizards
  4 mummies (Ossuary)
  Robin (D:3)
  5 gnolls (D:5)
  A river rat (D:6)
  12 adders
  A shadow imp (D:7)
  A white imp (D:6)
  A worm (D:5)
  4 dart slugs
  19 orcs
  9 ball pythons
  3 endoplasms
  2 giant cockroaches (D:6)
  2 gnoll zombies (Ossuary)
  16 goblins
  9 hobgoblins
  5 jackals
  20 kobolds
  3 quokkas
  7 bats
  5 frilled lizards
  5 gnoll skeletons (Ossuary)
  5 goblin skeletons (Ossuary)
  2 goblin zombies (Ossuary)
  3 hobgoblin skeletons (Ossuary)
  4 hobgoblin zombies (Ossuary)
  5 kobold skeletons (Ossuary)
  5 kobold zombies (Ossuary)
  2 orc skeletons (Ossuary)
  4 orc zombies (Ossuary)
  7 rats
  5 rat skeletons (Ossuary)
  8 rat zombies (Ossuary)
421 creatures vanquished.

Vanquished Creatures (others)
  A bush (Lair:5)
  38 fungi
  76 plants
115 creatures vanquished.

Grand Total: 536 creatures vanquished

Table legend:
 A = Non-vault XP
 B = Vault XP
 C = Vault XP percentage of total XP
 D = Non-vault monster count
 E = Vault monster count
 F = Vault count percentage of total count
                 A         B        C        D         E       F
            +---------+---------+-------+---------+---------+-------
      Total |   41162 |   13353 |  24.5 |     291 |     130 |  30.9
            +---------+---------+-------+---------+---------+-------
        D:1 |      38 |       0 |   0.0 |      22 |       0 |   0.0
        D:2 |      74 |      17 |  18.7 |      19 |       4 |  17.4
        D:3 |      63 |      37 |  37.0 |      18 |      13 |  41.9
        D:4 |     122 |     165 |  57.5 |      14 |       1 |   6.7
        D:5 |     704 |     169 |  19.4 |      20 |       1 |   4.8
        D:6 |     931 |      35 |   3.6 |      17 |       8 |  32.0
        D:7 |    1259 |     286 |  18.5 |      22 |       1 |   4.3
        D:8 |     651 |     494 |  43.1 |       9 |       2 |  18.2
        D:9 |    3344 |    2786 |  45.4 |      28 |      11 |  28.2
     Lair:1 |    4429 |       0 |   0.0 |      20 |       0 |   0.0
     Lair:2 |    4836 |     719 |  12.9 |      21 |       3 |  12.5
     Lair:3 |   12548 |      93 |   0.7 |      36 |       1 |   2.7
     Lair:4 |    5225 |    2871 |  35.5 |      27 |      10 |  27.0
     Lair:5 |    6938 |    5562 |  44.5 |      18 |      21 |  53.8
    Ossuary |       0 |     119 | 100.0 |       0 |      54 | 100.0
            +---------+---------+-------+---------+---------+-------

Illustrated notes

Table legend:
 A = Kills in this place as a percentage of kills in entire the game.
 B = Kills by you in this place as a percentage of kills by you in the entire game.
 C = Kills by friends in this place as a percentage of kills by friends in the entire game.
 D = Other kills in this place as a percentage of other kills in the entire game.
 E = Experience gained in this place as a percentage of experience gained in the entire game.
 F = Experience gained in this place divided by the number of levels of this place that you have seen.
                   A       B       C       D       E      F
               +-------+-------+-------+-------+-------+----------------------
         Total | 100.0 | 100.0 |   N/A |   N/A | 100.0 | 3634.3
       Dungeon |  49.9 |  49.9 |   N/A |   N/A |  20.5 | 1241.7
          Lair |  37.3 |  37.3 |   N/A |   N/A |  79.3 | 8644.2
       Ossuary |  12.8 |  12.8 |   N/A |   N/A |   0.2 | 119.0
               +-------+-------+-------+-------+-------+----------------------

Table legend: (Time is in decaauts)
 A = Elapsed time spent in this place.
 B = Non-inter-level travel time spent in this place.
 C = Inter-level travel time spent in this place.
 D = Time resting spent in this place.
 E = Time spent auto-exploring this place.
 F = Levels seen in this place.
 G = Mean time per level.
                   A        B        C        D        E       F      G
               +--------+--------+--------+--------+--------+-----+--------+
         Total |  19051 |  18779 |    272 |   5692 |  10472 |  15 | 1270.1 |
       Dungeon |  11367 |  11115 |    252 |   3042 |   6743 |   9 | 1263.0 |
          Lair |   7328 |   7309 |     19 |   2650 |   3594 |   5 | 1465.6 |
       Ossuary |    355 |    355 |      0 |      0 |    135 |   1 |  355.0 |
               +--------+--------+--------+--------+--------+-----+--------+

Top non-repeatable levels by time:
  Lair:3: 2385 daAuts
     D:9: 1898 daAuts
  Lair:2: 1791 daAuts
     D:6: 1733 daAuts
  Lair:4: 1724 daAuts
     D:1: 1427 daAuts
     D:8: 1332 daAuts
     D:7: 1225 daAuts
  Lair:1: 1002 daAuts
     D:2: 971 daAuts
     D:4: 964 daAuts
     D:5: 921 daAuts
     D:3: 892 daAuts
  Lair:5: 425 daAuts
 Ossuary: 355 daAuts
